 Dungeon Crawl Stone Soup version 0.31-a0-151-ge443d1f16c (webtiles) character file.

Game seed: 16674801825046292245

306 qw the Shooter (level 6, -6/55 HPs)
             Began as a Minotaur Hunter on June 8, 2023.
             Was an Initiate of Okawaru.
             Killed by nerve-wracking pain
             ... invoked by Menkaure
              (7 damage)
             ... on level 4 of the Dungeon.
             The game lasted 00:00:54 (2969 turns).

qw the Shooter (Minotaur Hunter)                    Turns: 2969, Time: 00:00:54

Health: -6/55      AC:  5    Str: 16    XL:     6   Next: 16%
Magic:  5/5        EV: 11    Int:  6    God:    Okawaru [......]
Gold:   227        SH:  0    Dex: 15    Spells: 5/5 levels left

rFire   . . .        Y - +0 shortbow (chaos)
rCold   . . .        (shield currently unavailable)
rNeg    . . .        f - +0 ring mail
rPois   +            (helmet restricted)
rElec   .            (no cloak)
rCorr   .            (no gloves)
SInv    .            (no boots)
Will    +....        e - amulet of regeneration
Stlth   +            b - ring of willpower
HPRegen 1.09/turn    k - ring of poison resistance
MPRegen 0.09/turn

%: no passive effects
@: about to teleport
A: horns 2, retaliatory headbutt
a: Renounce Religion


You were on level 4 of the Dungeon.
You worshipped Okawaru.
Okawaru was noncommittal.
You visited 2 branches of the dungeon, and saw 6 of its levels.

You collected 227 gold pieces.


Innate Abilities, Weirdness & Mutations

You have a pair of horns on your head.
You reflexively headbutt those who attack you in melee.


   Skills:
 - Level 4.8 Fighting
 + Level 6.9 Ranged Weapons
 - Level 1.8 Armour
 - Level 2.1 Dodging
 - Level 0.7 Stealth


You had 5 spell levels left.
You didn't know any spells.
Your spell library was empty.

Inventory:

Hand Weapons
 Y - a +0 shortbow of chaos (weapon)
Armour
 f - a +0 ring mail (worn)
Jewellery
 b - a ring of willpower (left hand)
 c - a +6 ring of strength
 e - an amulet of regeneration (around neck)
 k - a ring of poison resistance (right hand)
Scrolls
 h - a scroll of teleportation
 i - a scroll of identify
Potions
 a - a potion of curing
 d - a potion of cancellation

Dungeon Overview and Level Annotations

Branches:
Dungeon (5/15)             Temple (1/1) D:4

Altars:
Ashenzari
Cheibriados
Dithmenos
Elyvilon
Gozag
Hepliaklqana
Kikubaaqudgha
Makhleb
Nemelex Xobeh
Okawaru
Qazlal
Ru
Sif Muna
Trog
Vehumet
Xom
Yredelemnul
Zin

Annotations:
D:4 Menkaure


Message History

Enter note:
Enter note:
Enter note:
Enter note:
Enter note:
Enter note:
Enter note:
Enter note:
Enter note:
Enter note:
Enter note:
Enter note:
Enter note:
Enter note:
Enter note:
Enter note:
Enter note: You shoot an arrow.
The arrow hits Menkaure but does no damage.
Menkaure is severely damaged.
Menkaure points at you and mumbles some strange words.
Pain shoots through your body! Menkaure casts a spell at you.
Pain shoots through your body!
2966 ||| READING 2 scrolls of teleportation.
As you read the scroll of teleportation, it crumbles to dust.
You feel strangely unstable. Menkaure casts a spell at you.
You resist with some effort.
2967 ||| DRINKING potion of heal wounds.
You feel much better. Menkaure hits you!
You shoot an arrow. The arrow completely misses Menkaure.
Menkaure closely misses you.
You shoot an arrow. The arrow hits Menkaure.
Menkaure is severely damaged.
Menkaure hits you.
Menkaure gestures at you while chanting.
Pain shoots through your body!
You die...

.....#........#......#...###.....
<....#........#......#.....#.....
.....+........#......#.....'.....
####'#........#......#.....#.....
..............#####.#####+##.....
......#####.......#.##.#.....#'##
......'...#.......#....#.....#...
'###..#...#.....M.#....'.....#...
...####...#...[.@.'....#.....'...
.....##...#.......#....#.....#...
...}..#<..#.......#..###...>.#...
8.....#...#......###+####'#######
##._.##...#......#.........#
.######...#......#.........#
......#...#......#.........#
......#...#......#.?.......#
......#...#......################


You could see Menkaure (fast).

Vanquished Creatures
  A water moccasin (D:4)
  An ogre (D:5)
  A sleepcap (D:4)
  4 adders
  A worm (D:3)
  3 dart slugs
  An orc (D:3)
  4 bats
  7 endoplasms
  A giant cockroach (D:2)
  6 goblins
  2 hobgoblins
  A quokka (D:2)
  6 ball pythons
  3 frilled lizards
  5 kobolds
  4 rats
51 creatures vanquished.

Notes
Turn   | Place    | Note
-------+----------+-------------------------------------------
     0 | D:1      | qw the Minotaur Hunter began the quest for the Orb.
     0 | D:1      | Reached XP level 1. HP: 18/18 MP: 0/0
     0 | D:1      | 0 ||| qw: Version: 0.2-a-120-gdf1a93b
     0 | D:1      | 0 ||| qw: Game counter: 3079
     0 | D:1      | 0 ||| qw: Always use a shield: true
     0 | D:1      | 0 ||| qw: God list: Okawaru
     0 | D:1      | 0 ||| qw: Allow faded altars: false
     0 | D:1      | 0 ||| qw: Do Orc after D:15 true
     0 | D:1      | 0 ||| qw: Do second Lair branch before Depths: true
     0 | D:1      | 0 ||| qw: Lair rune preference: random
     0 | D:1      | 0 ||| qw: Plans: Normal
     0 | D:1      | 0 ||| PLANNING D:1-11
   255 | D:1      | Found a faded altar of an unknown god.
   263 | D:1      | Reached XP level 2. HP: 22/25 MP: 1/1
   658 | D:1      | Reached skill level 5 in Ranged Weapons
   769 | D:1      | 769 ||| UPGRADING to +0 ring mail.
   779 | D:1      | 779 ||| DROPPING +0 leather armour.
   780 | D:1      | 780 ||| UPGRADING to +6 ring of strength.
   781 | D:1      | 781 ||| UPGRADING to ring of poison resistance.
   782 | D:1      | 782 ||| READING scroll labelled ZEELAM LUOSO.
   783 | D:1      | 783 ||| READING 2 scrolls labelled CYELAL IRYENOKU.
   788 | D:1      | 788 ||| READING scroll labelled JOXZIFREHON.
   789 | D:1      | 789 ||| READING scroll labelled OKUTZO BAIHY.
   790 | D:1      | 790 ||| DROPPING scroll of butterflies.
   926 | D:2      | Reached skill level 3 in Fighting
   956 | D:2      | Reached XP level 3. HP: 30/31 MP: 2/2
   963 | D:2      | Reached skill level 1 in Armour
  1417 | D:2      | 1417 ||| UPGRADING to ring of willpower.
  1419 | D:2      | 1419 ||| READING scroll labelled HUNGEI ZEOLLYV.
  1420 | D:2      | 1420 ||| READING scroll labelled BEOKHL RATIGAET.
  1421 | D:2      | 1421 ||| READING 2 scrolls labelled SESTIFRU LUGRA.
  1422 | D:2      | 1422 ||| DRINKING 2 white potions.
  1423 | D:2      | 1423 ||| DRINKING 2 dark potions.
  1471 | D:2      | 1471 ||| DROPPING potion of lignification.
  1472 | D:2      | 1472 ||| DROPPING scroll of magic mapping.
  1545 | D:3      | Found an opulent altar of Gozag.
  1715 | D:3      | Reached XP level 4. HP: 38/38 MP: 3/3
  2182 | D:3      | 2182 ||| UPGRADING to amulet of regeneration.
  2187 | D:3      | 2187 ||| DRINKING 2 fuming yellow potions.
  2403 | D:4      | Found a bloodstained altar of Trog.
  2404 | D:4      | Found a hazy altar of Hepliaklqana.
  2459 | D:4      | Found a staircase to the Ecumenical Temple.
  2460 | D:4      | 2460 ||| PLANNING TEMPLE
  2468 | Temple   | Entered the Ecumenical Temple
  2490 | Temple   | 2490 ||| PLANNING OKAWARU WORSHIP
  2512 | Temple   | Became a worshipper of Warmaster Okawaru
  2512 | Temple   | 2512 ||| PLANNING D:1-11
  2555 | D:4      | Noticed a water moccasin
  2563 | D:4      | Killed a water moccasin
  2564 | D:4      | Reached skill level 6 in Ranged Weapons
  2564 | D:4      | Reached XP level 5. HP: 39/45 MP: 4/4
  2578 | D:4      | Found an ancient bone altar of Kikubaaqudgha.
  2579 | D:4      | Found a radiant altar of Vehumet.
  2581 | D:4      | Found a shimmering blue altar of Sif Muna.
  2641 | D:4      | Found a snail-covered altar of Cheibriados.
  2904 | D:4      | 2904 ||| READING 3 scrolls of identify.
  2904 | D:4      | 2904 ||| IDENTIFYING viscous yellow potion
  2905 | D:4      | 2905 ||| READING 2 scrolls of identify.
  2905 | D:4      | 2905 ||| IDENTIFYING yellow potion
  2906 | D:4      | 2906 ||| DROPPING potion of invisibility.
  2953 | D:5      | Entered Level 5 of the Dungeon
  2953 | D:5      | Noticed Menkaure
  2953 | D:5      | Noticed an ogre
  2959 | D:5      | Killed an ogre
  2960 | D:5      | Reached XP level 6. HP: 53/55 MP: 5/5
  2963 | D:5      | 2963 ||| STAIRDANCE
  2965 | D:4      | HP: 9/55 [Menkaure/nerve-wracking pain (13)]
  2965 | D:4      | HP: 2/55 [Menkaure/nerve-wracking pain (7)]
  2966 | D:4      | 2966 ||| READING 2 scrolls of teleportation.
  2967 | D:4      | 2967 ||| DRINKING potion of heal wounds.
  2969 | D:4      | Killed from afar by Menkaure

Levels and vault maps discovered:
D:1:      minmay_arrival_up_and_down, layout_basic, shapermc_ecumenical_altar_gd
D:2:      layout_loops_ring, minmay_box_of_dots
D:3:      layout_basic, nicolae_gozag_cash_rules_everything_around_me
D:4:      layout_gridville, grunt_temple_overflow_magic_moments,
          kennysheep_slug_shrine, gammafunk_temple_overflow_pools,
          minmay_temple_entry_glass
D:5:      layout_loops_ring, marbit_many_paths, uniq_menkaure, uniq_grinder
Temple:   nicolae_temple_ecumenical_triangle

Skill      XL: |  1  2  3  4  5 |
---------------+----------------+-----
Ranged Weapons | 5 6 |  6.9
Fighting       | 3 4 |  4.8
Armour         | 1 |  1.8
Dodging        | |  2.1
Stealth        | |  0.7

Action                     |  1- 3 |  4- 6 || total
---------------------------+-------+-------++-------
   Fire: Shortbow          |    71 |    64 ||   135
    Use: Scroll            |     7 |     3 ||    10
         Potion            |     2 |     2 ||     4
 Armour: Leather armour    |     5 |       ||     5
         Ring mail         |     5 |     5 ||    10
  Dodge: Dodged            |    21 |    17 ||    38

Table legend:
 A = Non-vault XP
 B = Vault XP
 C = Vault XP percentage of total XP
 D = Non-vault monster count
 E = Vault monster count
 F = Vault count percentage of total count
                 A         B        C        D         E       F
            +---------+---------+-------+---------+---------+-------
      Total |     425 |      13 |   3.0 |      45 |       6 |  11.8
            +---------+---------+-------+---------+---------+-------
        D:1 |      16 |       0 |   0.0 |      11 |       0 |   0.0
        D:2 |      58 |       9 |  13.4 |      13 |       5 |  27.8
        D:3 |      28 |       0 |   0.0 |      13 |       0 |   0.0
        D:4 |     202 |       4 |   1.9 |       7 |       1 |  12.5
        D:5 |     121 |       0 |   0.0 |       1 |       0 |   0.0
            +---------+---------+-------+---------+---------+-------
